Map: Eastwatch LE

Players

pillOw (Nina)

  • Race: Protoss Protoss
  • League: Grandmaster
  • Spawn Location: 7:00

Solar - Winner!

  • Race: Zerg Zerg
  • League: Master
  • Spawn Location: 1:00

Event: Memes & Dreams Invitational

VOD

Have the link to the VOD?

Description

Time

  • Played on: April 12, 2018, 10:23 p.m.
  • Length: 8:14

All games in this series

Show
View Real Time Build Order
Export as new Build Order

pillOw Protoss 

Build Orders: 1 Gate Expand, Oracle Opening, Phoenix Opening, Zealot Archon, Archon Drop 

Get SALT Encoding   

  12  0:00  Probe  
  13  0:12  Probe  
  14  0:18  Pylon  
  14  0:25  Probe  
  15  0:37  Probe (Chrono Boost)  
  15  0:40  Gateway  
  16  0:47  Probe (Chrono Boost)  
  17  0:50  Assimilator  
  17  0:53  Probe (Chrono Boost)  
  18  1:05  Probe  
  19  1:17  Probe  
  20  1:23  Nexus  
  20  1:33  Cybernetics Core  
  20  1:36  Probe  
  21  1:42  Assimilator  
  21  1:48  Probe  
  21  1:51  Pylon  
  22  2:00  Probe  
  23  2:08  Adept (Chrono Boost)  
  25  2:18  Stargate  
  25  2:19  Probe  
  26  2:27  Adept  
  28  2:31  Probe  
  28  2:36  Probe (Chrono Boost)  
  30  2:38  Warp Gate  
  31  2:44  Probe (Chrono Boost)  
  31  2:48  Probe (Chrono Boost)  
  32  2:54  Probe (Chrono Boost)  
  32  2:55  Probe (Chrono Boost)  
  34  2:58  Probe (Chrono Boost), Oracle (Chrono Boost)  
  34  3:02  Probe  
  39  3:09  Probe  
  40  3:15  Probe  
  41  3:20  Assimilator  
  41  3:21  Probe  
  41  3:23  Robotics Facility, Assimilator  
  43  3:27  Probe  
  43  3:30  Pylon  
  43  3:34  Probe  
  44  3:40  Probe  
  45  3:48  Probe, Phoenix  
  47  3:53  Probe  
  49  3:55  Twilight Council  
  49  4:00  Probe  
  50  4:05  Probe  
  50  4:07  Warp Prism (Chrono Boost)  
  51  4:13  Gateway x2  
  53  4:19  Gateway  
  53  4:23  Probe  
  54  4:30  Pylon  
  54  4:32  Templar Archives  
  54  4:40  Pylon  
  54  4:48  Probe x2  
  54  4:50  Zealot  
  58  5:00  Probe x2  
  58  5:03  Pylon  
  58  5:06  Nexus  
  60  5:13  High Templar x3  
  60  5:14  High Templar  
  68  5:15  Probe  
  68  5:16  Observer (Chrono Boost)  
  68  5:18  Archon x2  
  70  5:28  Gateway x2  
  70  5:30  Charge  
  70  5:31  Gateway  
  70  5:32  Probe  
  72  5:42  Probe  
  72  5:45  Shield Battery  
  72  5:48  Pylon  
  72  5:55  Immortal (Chrono Boost)  
  72  5:56  Probe  
  77  6:02  Probe  
  78  6:08  Probe  
  79  6:14  Probe  
  80  6:20  Immortal (Chrono Boost), Probe  
  85  6:27  Probe  
  85  6:28  Probe  
  86  6:33  Probe  
  86  6:35  Forge  
  86  6:38  Assimilator  
  86  6:39  Probe  
  88  6:40  Probe  
  88  6:41  Psionic Storm  
  88  6:44  Sentry  
  88  6:45  High Templar  
  93  6:48  Probe  
  93  6:51  Probe  
  93  6:52  Probe  
  94  6:58  Zealot x4  
  94  7:00  Probe  
  101  7:04  Pylon x2  
  101  7:06  Pylon  
  101  7:07  Pylon  
  101  7:12  Assimilator  
  101  7:22  High Templar x2  
  103  7:23  Zealot x2  
  103  7:24  Zealot x3  
  103  7:27  Archon  
  91  7:45  Zealot x5  
  95  7:57  Zealot x2  
  89  8:05  Zealot x5  
Show
View Real Time Build Order
Export as new Build Order

Solar Zerg - Winner!

Build Orders: Hatch First 

Get SALT Encoding   

  12  0:02  Drone  
  13  0:12  Overlord  
  13  0:17  Drone  
  14  0:31  Drone x2  
  14  0:35  Drone  
  17  0:54  Hatchery  
  17  0:55  Drone  
  17  0:59  Drone  
  18  1:04  Extractor  
  17  1:14  Spawning Pool  
  17  1:17  Drone  
  17  1:20  Drone  
  18  1:28  Drone  
  19  1:40  Drone  
  20  1:51  Overlord  
  20  2:01  Queen  
  20  2:06  Queen  
  20  2:07  Metabolic Boost  
  24  2:12  Drone  
  24  2:15  Drone  
  26  2:19  Drone, Zergling x2  
  28  2:25  Drone  
  28  2:27  Zergling x2  
  30  2:38  Hatchery  
  30  2:41  Zergling x2  
  30  2:47  Queen  
  32  2:52  Zergling x2  
  32  2:53  Overlord  
  32  2:56  Drone x2  
  35  3:02  Drone  
  35  3:05  Drone  
  36  3:11  Drone  
  37  3:15  Drone x3  
  40  3:21  Drone x2  
  40  3:23  Spore Crawler  
  41  3:28  Spore Crawler  
  41  3:31  Overlord  
  41  3:33  Drone  
  41  3:39  Lair  
  41  3:40  Drone  
  41  3:45  Drone  
  41  3:48  Drone x2  
  44  3:49  Drone, Extractor  
  44  3:52  Drone  
  44  3:53  Drone x2  
  44  3:55  Drone  
  50  3:58  Drone x2  
  50  4:02  Queen  
  52  4:09  Roach Warren  
  53  4:10  Drone  
  53  4:13  Spore Crawler  
  52  4:18  Drone x2  
  52  4:19  Drone x2  
  52  4:22  Extractor  
  52  4:23  Drone  
  53  4:24  Drone x2  
  53  4:25  Drone x2  
  53  4:27  Overlord  
  53  4:29  Overlord  
  58  4:31  Drone  
  58  4:35  Overlord  
  58  4:41  Extractor  
  57  4:45  Overlord  
  57  4:46  Drone, Overlord  
  57  4:49  Glial Reconstitution  
  57  4:54  Roach x2  
  57  4:57  Drone x3  
  57  4:58  Roach  
  68  5:00  Roach  
  68  5:03  Roach x2  
  68  5:05  Roach  
  68  5:07  Roach  
  76  5:10  Overseer  
  76  5:13  Roach x2  
  80  5:19  Extractor, Hydralisk Den  
  78  5:22  Evolution Chamber  
  78  5:23  Drone  
  78  5:24  Roach x2  
  78  5:27  Overlord  
  82  5:30  Overlord  
  82  5:36  Drone x5  
  82  5:39  Drone  
  82  5:41  Drone  
  89  5:45  Overlord  
  89  5:46  Drone x3  
  92  5:53  Zerg Missile Weapons Level 1, Grooved Spines  
  92  5:55  Hydralisk  
  94  5:59  Hydralisk  
  94  6:01  Overlord  
  95  6:07  Hydralisk x2  
  95  6:09  Overseer  
  95  6:10  Overlord  
  99  6:13  Overlord  
  99  6:17  Overlord  
  99  6:21  Hydralisk x2  
  99  6:23  Overlord  
  103  6:28  Hydralisk  
  103  6:29  Hydralisk  
  107  6:34  Hydralisk x2  
  107  6:38  Hydralisk x2  
  114  6:45  Hydralisk x2  
  118  6:54  Hydralisk x4  
  118  6:57  Zergling x2  
  118  6:58  Zergling x2  
  118  7:00  Roach  
  118  7:01  Overlord  
  130  7:07  Roach x3  
  136  7:10  Roach x2  
  136  7:12  Roach  
  136  7:13  Roach  
  144  7:21  Ravager  
  144  7:22  Roach x3  
  151  7:25  Roach x2  
  151  7:26  Overlord  
  155  7:36  Roach x5  
  157  7:38  Roach  
  157  7:39  Roach  
  157  7:40  Roach  
  157  7:43  Roach x2  
  157  7:44  Extractor  
  148  7:49  Ravager  
  148  7:50  Zergling x6  
Tags
 
Add a new tag
Caveats
  • Supply blocks, unpowered buildings, or Contaminate may cause inaccurate times.
  • Supply counts are checked every 10 seconds.